 Dungeon Crawl Stone Soup version 0.25.0-26-g0c896c7088 (webtiles) character file.

Game seed: 11223592352233487903

9938 xccam the Slicer (level 11, -6/71 HPs)
             Began as a Tengu Assassin on July 2, 2020.
             Was a Believer of Uskayaw.
             Mangled by a death yak (13 damage)
             ... on level 10 of the Dungeon.
             The game lasted 00:13:16 (11952 turns).

xccam the Slicer (Tengu Assassin)                  Turns: 11952, Time: 00:13:17

Health: -6/71      AC:  5    Str: 12    XL:     11   Next: 54%
Magic:  15/16      EV: 23    Int: 12    God:    Uskayaw [**....]
Gold:   491        SH:  0    Dex: 18    Spells: 10/10 levels left

rFire    + . .     SeeInvis .   v - +2 dagger (drain)
rCold    + . .     Gourm    .   (no shield)
rNeg     . . .     Faith    .   K - +0 steam dragon scales
rPois    .         Spirit   .   (helmet restricted)
rElec    .         Reflect  .   O - scarf {rC+ rF+}
rCorr    +         Harm     .   (no gloves)
MR       .....                  (boots unavailable)
Stlth    ++++......             (no amulet)
HPRegen  0.21/turn              h - ring of resist corrosion
MPRegen  0.15/turn              (no ring)

@: flying quickly and evasively, lightly drained, quick
A: beak, talons 3, able to fly
a: Stop Flying, Stomp, Line Pass, Renounce Religion


You were on level 10 of the Dungeon.
You worshipped Uskayaw.
Uskayaw was noncommittal.
You were hungry.

You visited 2 branches of the dungeon, and saw 12 of its levels.
You also visited: Sewer.

You collected 491 gold pieces.

Inventory:

Hand Weapons
 u - a +3 dagger
 v - a +2 dagger of draining (weapon)
Missiles
 d - 8 poisoned darts (quivered)
 e - 2 curare-tipped darts
 M - 4 atropa-tipped darts
Armour
 c - a +0 cloak
 C - a +0 tower shield
 K - +0 steam dragon scales (worn)
 O - a scarf of resistance (worn)
Jewellery
 h - a ring of resist corrosion (left hand)
Wands
 F - a wand of enslavement (12)
 H - a wand of iceblast (3)
 L - a wand of acid (9)
 N - a wand of digging (2)
Scrolls
 g - 2 scrolls of blinking {unknown}
 i - a scroll of noise {unknown}
 k - 2 scrolls of immolation {unknown}
 l - 3 scrolls of random uselessness {unknown}
 m - 7 scrolls of remove curse
 n - 2 scrolls of teleportation
 r - 2 scrolls of enchant weapon {unknown}
 w - a scroll of amnesia {unknown}
 y - a scroll of enchant armour {unknown}
 A - 2 scrolls of fear {unknown}
 B - 5 scrolls of identify
 E - 2 scrolls of fog {unknown}
 P - a scroll of magic mapping
Potions
 a - 2 potions of curing
 b - 3 potions of ambrosia {unknown}
 j - 4 potions of might
 o - a potion of flight
 p - a potion of magic
 q - 2 potions of lignification
 s - a potion of stabbing {unknown}
 t - 2 potions of cancellation {unknown}
 x - a potion of mutation {unknown}
 z - a potion of brilliance {unknown}
 D - 2 potions of haste {unknown}
 G - 2 potions of heal wounds
 I - a potion of berserk rage
 J - 2 potions of invisibility {unknown}
Comestibles
 f - 15 rations


   Skills:
 + Level 9.2(8.8) Fighting
 - Level 10.0(9.5) Short Blades
 - Level 2.0(1.6) Throwing
 + Level 9.6(9.2) Dodging
 - Level 8.0(7.5) Stealth
 + Level 6.1(5.7) Invocations


You had 10 spell levels left.
You didn't know any spells.
Your spell library contained the following spells:

 Spells                   Type           Power        Failure   Level  Hunger
 Freeze                   Ice            #...         32%         1    ##.....
 Magic Dart               Conj           #...         32%         1    ##.....
 Sandblast                Erth           #.....       32%         1    ##.....
 Sting                    Tmut/Pois      #...         32%         1    ##.....
 Passwall                 Tmut/Erth      #.......     45%         2    ###....
 Poisonous Vapours        Pois/Air       #.....       45%         2    ###....
 Searing Ray              Conj           #.....       45%         2    ###....
 Dazzling Flash           Conj/Hex       #.....       69%         3    ####...
 Frozen Ramparts          Ice            #.....       69%         3    ####...
 Ignite Poison            Fire/Tmut/Pois #.......     69%         3    ####...
 Mephitic Cloud           Conj/Pois/Air  #.......     69%         3    ####...
 Ozocubu's Armour         Chrm/Ice       #.......     69%         3    ####...
 Stone Arrow              Conj/Erth      #.....       69%         3    ####...
 Fulminant Prism          Conj/Hex       #.........   97%         4    #####..
 Hailstorm                Conj/Ice       #.......     97%         4    #####..
 Iskenderun's Mystic Bla  Conj/Tloc      #.......     97%         4    #####..
 Olgreb's Toxic Radiance  Pois           #.......     97%         4    #####..
 Petrify                  Tmut/Erth      #.......     97%         4    #####..
 Summon Ice Beast         Ice/Summ       #.......     97%         4    #####..
 Lee's Rapid Deconstruct  Erth           #.........   100%        5    ######.


Dungeon Overview and Level Annotations

Branches:
Dungeon (11/15)            Temple (1/1) D:6            Lair (0/6) D:11
  Sewer (visited)
    Orc: D:9-12

Altars:
Ashenzari
Elyvilon
Fedhas
Hepliaklqana
Kikubaaqudgha
Okawaru
Qazlal
Ru
Sif Muna
Trog
Uskayaw
Vehumet
Xom

Shops:
D:5 %   D:7 (   D:10 %


Innate Abilities, Weirdness & Mutations

You have a beak for a mouth.
You have claws for feet.
You can fly continuously.


Message History

Press: ? - help, Shift-Dir - straight line, f/p - death yak
Aim: a death yak (moderately wounded, covered in acid, lightly drained)
The bolt of acid hits the death yak!
The death yak is splashed with acid!
The death yak seems to be corroded for longer.
The death yak is severely wounded.
The bolt of acid hits the death yak!
The death yak is splashed with acid.
The acid corrodes the death yak!
The death yak is severely wounded.
The death yak completely misses you.
Evoke which item? (* to show all) (? for menu, Esc to quit)
Aiming: Corrosive Bolt
Press: ? - help, Shift-Dir - straight line, f/p - death yak
Aim: a death yak (severely wounded, covered in acid, lightly drained)
The bolt of acid hits the death yak!
The death yak is splashed with acid.
The death yak seems to be corroded for longer.
The death yak is severely wounded.
The bolt of acid hits the death yak!
The death yak is splashed with acid.
The death yak is almost dead.
The death yak gores you!
You die...

.................................
########).....###################
########
#################################
..............YY@................
#.######.#####.#####.######.#####
#.# #.# #.# #.# #.# #.# #.# #.#
#.# #(# #.# #.# #.# #.# #.# #.#
#.# #.# #.# #.# ..######.# #.#
#.# #.# >........# #.# #.# #.#
.........# #.# #.# #.#


You could see 2 death yaks.

Vanquished Creatures
  A two-headed ogre (D:8)
  The ghost of MirrMurr the Fighter, a novice GrBe of Trog (D:8)
  A merfolk (D:10)
  2 hornets
  2 hippogriffs (D:8)
  13 yaks
  A human (D:10)
  A steam dragon (D:8)
  A hungry ghost (D:9)
  3 orc warriors
  4 sky beasts
  3 necrophages
  3 black bears
  5 ice beasts
  3 ogres
  4 centaurs
  2 big kobolds
  Blork the orc (D:6)
  4 bullfrogs
  A scorpion (D:7)
  A water moccasin skeleton (D:4)
  14 killer bees
  3 electric eels
  4 howler monkeys (D:9)
  7 crimson imps
  3 bullfrog zombies
  5 hounds
  A jelly (D:11)
  12 orc wizards
  A quasit (D:7)
  A centaur skeleton (D:9)
  6 orc priests
  A bullfrog skeleton (D:5)
  5 iguanas
  Terence (D:3)
  13 worker ants
  A killer bee zombie (D:9)
  A hound zombie (D:2)
  A hound skeleton (D:5)
  Robin (D:3)
  2 worker ant zombies
  8 adders
  2 river rats (D:6)
  5 shadow imps
  3 oozes
  2 adder zombies
  3 adder skeletons
  A worm (D:3)
  3 dart slugs
  12 leopard geckos
  53 orcs
  5 ball pythons
  11 giant cockroaches
  8 goblins
  13 hobgoblins
  A jackal (D:5)
  2 quokkas (D:8)
  7 bats
  7 frilled lizards
  18 kobolds
  A leopard gecko skeleton (D:5)
  A quokka zombie (D:6)
  10 rats
316 creatures vanquished.

Vanquished Creatures (others)
  A wyvern skeleton (D:10)
  A quokka skeleton (D:7)
2 creatures vanquished.

Grand Total: 318 creatures vanquished

Notes
Turn   | Place    | Note
-------+----------+-------------------------------------------
     0 | D:1      | xccam the Tengu Assassin began the quest for the Orb.
     0 | D:1      | Reached XP level 1. HP: 12/12 MP: 2/2
    31 | D:1      | Reached XP level 2. HP: 7/17 MP: 3/3
    35 | D:1      | Reached skill level 3 in Short Blades
   684 | D:1      | Reached XP level 3. HP: 21/21 MP: 4/4
   772 | D:1      | Reached skill level 4 in Short Blades
  1225 | D:2      | Reached XP level 4. HP: 15/26 MP: 5/5
  1514 | D:2      | You fall into a shaft and drop 1 floor!
  1545 | D:3      | Reached skill level 5 in Short Blades
  1717 | D:3      | Noticed Robin
  1739 | D:3      | Killed Robin
  2164 | D:3      | Found a blossoming altar of Fedhas.
  2188 | D:3      | Noticed Terence
  2191 | D:3      | Gained mutation: You can fly continuously. [Tengu growth]
  2191 | D:3      | Reached XP level 5. HP: 30/30 MP: 6/6
  2200 | D:3      | Killed Terence
  2801 | D:4      | Reached skill level 6 in Short Blades
  2932 | D:4      | Reached XP level 6. HP: 14/36 MP: 7/7
  4024 | D:5      | Entered Level 5 of the Dungeon
  4064 | D:5      | Reached XP level 7. HP: 40/41 MP: 8/8
  4141 | D:5      | Found a sacrificial altar of Ru.
  4194 | D:5      | Reached skill level 7 in Short Blades
  4654 | D:5      | Found a bloodstained altar of Trog.
  4660 | D:5      | Found Jecsatim's Food Emporium.
  4737 | D:5      | Reached XP level 8. HP: 28/48 MP: 9/9
  5126 | D:6      | Found a glowing drain.
  5130 | Sewer    | Entered a sewer
  5610 | D:6      | Reached skill level 5 in Dodging
  5639 | D:6      | Reached skill level 5 in Fighting
  5651 | D:6      | Reached skill level 8 in Short Blades
  5668 | D:6      | Noticed Blork the orc
  5678 | D:6      | Killed Blork the orc
  5939 | D:6      | Found a staircase to the Ecumenical Temple.
  5952 | Temple   | Entered the Ecumenical Temple
  5985 | Temple   | Became a worshipper of Uskayaw the Reveler
  6027 | D:6      | Reached * piety under Uskayaw
  6085 | D:6      | Reached ** piety under Uskayaw
  6835 | D:7      | Reached *** piety under Uskayaw
  6855 | D:7      | Reached **** piety under Uskayaw
  6859 | D:7      | Reached skill level 9 in Short Blades
  6859 | D:7      | Reached XP level 9. HP: 6/55 MP: 10/10
  6859 | D:7      | Reached ***** piety under Uskayaw
  7393 | D:7      | Reached skill level 10 in Short Blades
  7427 | D:7      | Found Doafares's Weapon Shoppe.
  7732 | D:7      | Reached skill level 1 in Invocations
  7807 | D:7      | Found a shattered altar of Ashenzari.
  7807 | D:7      | Found a white marble altar of Elyvilon.
  8236 | D:8      | Reached skill level 5 in Stealth
  8656 | D:8      | Found a runed translucent door.
  8656 | D:8      | Noticed MirrMurr's ghost (novice GrBe)
  8663 | D:8      | Reached XP level 10. HP: 50/60 MP: 12/12
  8893 | D:8      | Noticed a two-headed ogre
  8895 | D:8      | Killed a two-headed ogre
  9427 | D:8      | Killed MirrMurr's ghost
 10033 | D:9      | Found an ancient bone altar of Kikubaaqudgha.
 10177 | D:9      | Reached XP level 11. HP: 68/68 MP: 15/15
 10241 | D:9      | Paralysed by a hornet for 1 turns
 10250 | D:9      | Reached skill level 5 in Invocations
 10542 | D:10     | Entered Level 10 of the Dungeon
 11113 | D:10     | Reached ****** piety under Uskayaw
 11843 | D:10     | Found Pegafaos's Food Boutique.
 11904 | D:11     | Noticed a death yak
 11912 | D:11     | Found a staircase to the Lair.
 11913 | D:11     | Noticed a death yak
 11913 | D:11     | Noticed a death yak
 11917 | D:11     | Noticed a cyan ugly thing
 11952 | D:10     | Mangled by a death yak

Illustrated notes

Levels and vault maps discovered:
D:1:      minmay_arrival_solitary_statue, layout_rooms
D:2:      layout_loops_ring, nicolae_overflow_hidden_temple
D:3:      layout_basic, fedhas_altar_3, first_ration, uniq_robin, uniq_terence
D:4:      layout_basic, grunt_ministairs_9, dk_rats_in_the_wall
D:5:      layout_rooms, nicolae_ru_great_annihilating_truth,
          kennysheep_mini_moat, serial_shops, shop_statue,
          chequers_decorated_corner
D:6:      layout_layer_cave, minmay_temple_entry_tees, gup_sewer_entry_spiral,
          uniq_blork_the_orc
D:7:      wad_river_or_something, layout_loops_ring,
          gammafunk_temple_overflow_wave, serial_shops, nicolae_shop_crystal
D:8:      layout_loops_ring, gammafunk_ghost_grave
D:9:      layout_loops_ring, basic_altar
D:10:     statuecave_lemuel, layout_small_grid, serial_shops,
          nicolae_shop_competitors_out_of_business, hangedman_stone_soup
D:11:     layout_irregular_city, dpeg_lair_monsters, corexii_checkpoint_a,
          uniq_snorg
Temple:   eino_temple_scatter_basement

Skill      XL: |  1  2  3  4  5  6  7  8  9 10 11 |
---------------+----------------------------------+-----
Short Blades   | 3 4 5 6 7 9 10 | 10.0
Dodging        | 2 3 4 6 8 9 |  9.6
Fighting       | 3 4 6 8 9 |  9.2
Invocations    | 2 4 6 |  6.1
Stealth        | 6 8 |  8.0
Throwing       | |  2.0

Action                   |  1- 3 |  4- 6 |  7- 9 | 10-12 || total
-------------------------+-------+-------+-------+-------++-------
Melee: Dagger            |    93 |   179 |   358 |   442 ||  1072
       Kick              |    22 |    43 |   118 |   142 ||   325
       Peck              |    10 |    33 |    73 |    94 ||   210
Throw: Dart              |       |     3 |       |       ||     3
Invok: Stomp             |       |       |       |     1 ||     1
 Abil: Fly               |       |       |     1 |       ||     1
Evoke: Wand              |       |       |       |     6 ||     6
  Use: Potion            |       |     3 |     1 |     3 ||     7
       Scroll            |       |       |     7 |       ||     7
 Stab: Sleeping          |     2 |     5 |    10 |    16 ||    33
       Paralysed         |       |       |     7 |    29 ||    36
       Distracted        |       |       |       |     1 ||     1
  Eat: Chunk             |     1 |     9 |    10 |     9 ||    29
       Ration            |       |       |     1 |     1 ||     2
Armor: Robe              |    12 |     9 |       |       ||    21
       Leather armour    |       |    16 |       |       ||    16
       Ring mail         |       |     6 |    52 |       ||    58
       Steam dragon scal |       |       |       |    32 ||    32
Dodge: Dodged            |    59 |    72 |   177 |   225 ||   533
